 Dungeon Crawl Stone Soup version 0.30.0-30-g96aa6591b8 (webtiles) character file.

Game seed: 5039020837199498685

13 Peloso the Shield-Bearer (level 2, -1/27 HPs)
             Began as a Minotaur Fighter on June 26, 2023.
             Slain by a gnoll
             ... wielding a +0 flail
              (5 damage)
             ... on level 1 of the Dungeon.
             The game lasted 00:00:49 (490 turns).

Peloso the Shield-Bearer (Minotaur Fighter)          Turns: 490, Time: 00:00:50

Health: -1/27      AC:  8    Str: 20    XL:     2   Next: 24%
Magic:  1/1        EV:  9    Int:  5    God:
Gold:   22         SH:  4    Dex:  9    Spells: 1/1 levels left

rFire   . . .        a - +0 long sword
rCold   . . .        d - +0 buckler
rNeg    . . .        b - +0 scale mail
rPois   .            (helmet restricted)
rElec   .            (no cloak)
rCorr   .            c - +0 pair of gloves
SInv    .            (no boots)
Will    .....        (no amulet) Stlth
                     (no ring)
HPRegen 0.24/turn    (no ring)
MPRegen 0.07/turn

%: no passive effects
@: no status effects
A: horns 2, retaliatory headbutt
a: no special abilities


You were on level 1 of the Dungeon.
You visited 1 branch of the dungeon, and saw 1 of its levels.

You collected 22 gold pieces.

Inventory:

Hand Weapons
 a - a +0 long sword (weapon)
Armour
 b - a +0 scale mail (worn)
 c - a +0 pair of gloves (worn)
 d - a +0 buckler (worn)
Jewellery
 g - an amulet of faith
Scrolls
 f - 2 scrolls of identify {unknown}
Potions
 e - a potion of might


   Skills:
 + Level 3.9 Fighting
 + Level 2.6 Long Blades
 + Level 3.9 Armour
 + Level 3.9 Shields


You had one spell level left.
You didn't know any spells.
Your spell library contained the following spells:

 Spells                   Type           Power      Damage    Failure   Level
 Lesser Beckoning         Tloc           0%         N/A       95%         2
 Gell's Gravitas          Tloc           0%         N/A       99%         3
 Teleport Other           Tloc           0%         N/A       99%         3
 Summon Forest            Summ/Tloc      0%         N/A       100%        5
 Summon Mana Viper        Hex/Summ       0%         N/A       100%        5
 Summon Cactus Giant      Summ           0%         N/A       100%        6


Dungeon Overview and Level Annotations

Branches:
Dungeon (1/15)

Altars:


Innate Abilities, Weirdness & Mutations

You have a pair of horns on your head.
You reflexively headbutt those who attack you in melee.


Message History

You kill the ball python!
HP restored.
g - an amulet of faith
Found a stone staircase leading down.
A rat comes into view.
A rat is nearby!
A rat is nearby!
You hit the rat. You headbutt the rat.
You kill the rat!
Found a quarterstaff and a buckler.
You now have 22 gold pieces (gained 11).
A quokka comes into view.
A quokka is nearby!
You barely miss the quokka. Your headbutt misses the quokka.
The quokka closely misses you. x2
You miss the quokka. The quokka barely misses you. You furiously retaliate!
You headbutt the quokka. You hit the quokka.
You kill the quokka!
You see here a quokka corpse.
A gnoll comes into view. It is wielding a +0 flail.
The gnoll shouts!
A gnoll is nearby!
A gnoll is nearby!
You see here 13 gold pieces.
The gnoll hits you with a +0 flail.
You hit the gnoll but do no damage. You block the gnoll's attack.
You barely miss the gnoll. You block the gnoll's attack. x2
You hit the gnoll.
The gnoll is moderately wounded.
The gnoll hits you with a +0 flail.
You barely miss the gnoll.
The gnoll is moderately wounded.
The gnoll hits you with a +0 flail!
You hit the gnoll but do no damage.
The gnoll is moderately wounded.
The gnoll hits you with a +0 flail!
* * * LOW HITPOINT WARNING * * *
The gnoll hits you with a +0 flail.
You die...

#...#...#...#...
#.#.#...#...#...#.
#.#...#)..#...#...
#.#.#...#...#...#.
#.#.[.#...#...#...
#.#.#...#...#...#.
#.##..#...#...#...
#g##....#...#...##
#@##.†....#.......
#$#..........#####
#.#..........
#.#..........
#............
#########################
#........................
#.#######################
#........


You could see a gnoll.

Vanquished Creatures
  2 endoplasms (D:1)
  A giant cockroach (D:1)
  A hobgoblin (D:1)
  2 kobolds (D:1)
  A quokka (D:1)
  A ball python (D:1)
  A bat (D:1)
  A frilled lizard (D:1)
  2 rats (D:1)
12 creatures vanquished.

Notes
Turn   | Place    | Note
-------+----------+-------------------------------------------
     0 | D:1      | Peloso the Minotaur Fighter began the quest for the Orb.
     0 | D:1      | Reached XP level 1. HP: 19/19 MP: 0/0
   351 | D:1      | Reached XP level 2. HP: 27/27 MP: 1/1
   490 | D:1      | Slain by a gnoll

Illustrated notes

Levels and vault maps discovered:
D:1:      wheals_arrival_linesprint, layout_rooms, hex_medium

Action                     || total
---------------------------++-------
  Melee: Long sword        ||    33
         Headbutt          ||     2
    Use: Potion            ||     1
 Armour: Scale mail        ||    22
  Dodge: Dodged            ||    23
  Block: Buckler           ||    12
